 Dungeon Crawl Stone Soup version 0.27-a0-1416-g941b2bd30b (webtiles) character file.

Game seed: 7086591804989800961

219 bilbop the Caller (level 5, -1/29 HPs)
             Began as a Deep Elf Summoner on July 2, 2021.
             Slain by Grinder (8 damage)
             ... on level 4 of the Dungeon.
             The game lasted 00:19:45 (6840 turns).

bilbop the Caller (Deep Elf Summoner)               Turns: 6840, Time: 00:19:46

Health: -1/29      AC:  3    Str:  5    XL:     5   Next: 63%
Magic:  2/13       EV: 13    Int: 20    God:
Gold:   128        SH:  0    Dex: 16    Spells: 9/12 levels left

rFire    . . .     SeeInvis .   a - +0 dagger
rCold    . . .     Faith    .   (no shield)
rNeg     . . .     Spirit   .   h - +0 robe
rPois    .         Reflect  .   (no helmet)
rElec    .         Harm     .   (no cloak)
rCorr    .         Rampage  .   (no gloves)
Will     .....                  o - +0 pair of boots
Stlth    +++.......             (no amulet)
HPRegen  0.09/turn              (no ring)
MPRegen  0.13/turn              (no ring)

@: no status effects
A: no striking features
a: no special abilities


You were on level 4 of the Dungeon.
You visited 1 branch of the dungeon, and saw 4 of its levels.

You collected 128 gold pieces.

Inventory:

Hand Weapons
 a - a +0 dagger (weapon)
 j - a +0 short sword
Armour
 h - a +0 robe (worn)
 i - a scarf of invisibility
 o - a +0 pair of boots (worn)
Jewellery
 l - an amulet of guardian spirit
Scrolls
 b - 6 scrolls of identify {unknown}
 c - a scroll of vulnerability {unknown}
 f - 2 scrolls of fog {unknown}
 g - 2 scrolls of teleportation {unknown}
 k - a scroll of fear {unknown}
 m - 2 scrolls of amnesia {unknown}
Potions
 d - 2 potions of heal wounds {unknown}
 e - a potion of curing {unknown}
 n - a potion of berserk rage {unknown}


   Skills:
 + Level 1.5 Fighting
 + Level 2.1 Short Blades
 + Level 3.6 Dodging
 + Level 3.8 Stealth
 + Level 4.0 Spellcasting
 + Level 5.1 Summonings


You had 9 spell levels left.
You knew the following spells:

 Your Spells              Type           Power      Damage    Failure   Level
a - Summon Small Mammal   Summ           96%        N/A       1%          1
b - Call Imp              Summ           24%        N/A       2%          2

Your spell library contained the following spells:

 Spells                   Type           Power      Damage    Failure   Level
 Call Canine Familiar     Summ           24%        N/A       4%          3
 Animate Skeleton         Necr           8%         N/A       13%         1
 Apportation              Tloc           8%         N/A       13%         1
 Corona                   Hex            4%         N/A       13%         1
 Foxfire                  Conj/Fire      16%        2x1d4     13%         1
 Sandblast                Erth           8%         2d5       13%         1
 Summon Guardian Golem    Hex/Summ       14%        N/A       14%         3
 Passwall                 Tmut/Erth      3%         N/A       19%         2
 Conjure Flame            Conj/Fire      4%         6-21      36%         3
 Inner Flame              Hex/Fire       4%         N/A       36%         3
 Portal Projectile        Hex/Tloc       8%         N/A       36%         3
 Summon Ice Beast         Ice/Summ       14%        N/A       41%         4
 Summon Lightning Spire   Summ/Air       14%        N/A       41%         4
 Leda's Liquefaction      Hex/Erth       2%         N/A       77%         4
 Iskenderun's Battlesphe  Conj           4%         2d6       98%         5
 Lee's Rapid Deconstruct  Erth           2%         3d5*      98%         5
 Iron Shot                Conj/Erth      2%         9d2       100%        6
 Spellforged Servitor     Conj/Summ      7%         N/A       100%        7


Dungeon Overview and Level Annotations

Branches:
Dungeon (4/15)
 Temple: D:4-7

Altars:
Hepliaklqana
Xom

Annotations:
D:3 2 transporters, Phlounder's ghost, amateur DjWn
D:4 Grinder


Message History

Your white imp gestures at Grinder.
The puff of frost hits Grinder.
Grinder completely resists.
You barely miss Grinder.
Grinder is lightly wounded.
Grinder closely misses you.
Your white imp misses Grinder.
Your crimson imp closely misses Grinder.
You hit Grinder but do no damage.
Grinder is lightly wounded.
Grinder gestures at you. Pain shoots through your body!
Your white imp gestures at Grinder.
The puff of frost hits Grinder.
Grinder resists.
You catch the helpless Grinder completely off-guard!
You puncture Grinder!
Grinder is heavily wounded.
Your crimson imp hits Grinder.
Grinder barely misses you.
Your white imp closely misses Grinder.
You hit Grinder but do no damage.
Grinder is heavily wounded.
Your crimson imp blinks!
Grinder grins, showing sharp teeth.
Grinder closely misses you.
Your white imp closely misses Grinder.
You hit Grinder.
Grinder is heavily wounded.
Your white imp misses Grinder.
Grinder hits you.
You writhe in agony.
* * * LOW HITPOINT WARNING * * *
You hit Grinder.
Grinder is heavily wounded.
Grinder closely misses you.
Your white imp barely misses Grinder.
You hit Grinder.
Grinder is heavily wounded.
Grinder hits you but does no damage.
Your white imp closely misses Grinder.
You barely miss Grinder.
Grinder is heavily wounded.
Your white imp gestures at Grinder.
The puff of frost hits Grinder.
Grinder resists.
Grinder misses your white imp.
You closely miss Grinder.
Grinder is severely wounded.
Grinder hits you!
You die...

#.....#.##.# #.#
##.........####.#
##.###.........#
#.# ###########
#.# #†# #.#
####5######
#....5@...#
#.#######.# #.#
#..5..5.#
#.####..# ..#
#..# #.# ...# #.#
##..# #.# #...
#.#


You could see Grinder (ally target) and a friendly white imp (summoned).

Vanquished Creatures
  A black bear (D:4)
  2 dart slugs (D:3)
  An orc (D:4)
  A ball python (D:4)
  An endoplasm (D:4)
  A goblin (D:3)
  2 hobgoblins
  2 jackals
  A quokka (D:4)
  A bat (D:3)
  A kobold (D:4)
  A rat (D:3)
15 creatures vanquished.

Vanquished Creatures (collateral kills)
  A scorpion (D:4)
  A bullfrog skeleton (D:3)
  An orc priest (D:3)
  A scorpion zombie (D:2)
  5 adders
  An adder zombie (D:2)
  3 worms
  A dart slug (D:2)
  7 orcs
  6 ball pythons
  4 bats (D:2)
  6 endoplasms
  2 giant cockroaches
  8 hobgoblins
  6 jackals
  5 kobolds
  A quokka (D:1)
  2 ball python skeletons (D:2)
  3 frilled lizards
  4 goblins
  A quokka zombie (D:2)
69 creatures vanquished.

Grand Total: 84 creatures vanquished

Notes
Turn   | Place    | Note
-------+----------+-------------------------------------------
     0 | D:1      | bilbop the Deep Elf Summoner began the quest for the Orb.
     0 | D:1      | Reached XP level 1. HP: 10/10 MP: 6/6
   712 | D:1      | Found a faded altar of an unknown god.
  1306 | D:2      | Reached XP level 2. HP: 16/16 MP: 4/8
  1651 | D:2      | Reached skill level 1 in Short Blades
  1651 | D:2      | Reached XP level 3. HP: 7/20 MP: 3/9
  3445 | D:3      | Reached skill level 1 in Fighting
  3445 | D:3      | Reached XP level 4. HP: 13/25 MP: 4/11
  3448 | D:3      | Learned a level 2 spell: Call Imp
  3642 | D:3      | Noticed Phlounder's ghost (amateur DjWn)
  3642 | D:3      | Noticed an ogre
  3643 | D:3      | Found a transporter.
  3644 | D:3      | Identified the +8 great mace "Mapuppel" {elec, +Rage Will+
                  | Int+2}
  3644 | D:3      | Noticed an ogre
  3647 | D:3      | Found a transporter.
  6306 | D:4      | Noticed a black bear
  6326 | D:4      | Killed a black bear
  6327 | D:4      | Reached skill level 5 in Summonings
  6327 | D:4      | Reached XP level 5. HP: 29/29 MP: 3/12
  6432 | D:4      | Found a hazy altar of Hepliaklqana.
  6433 | D:4      | Found a shimmering altar of Xom.
  6433 | D:4      | Noticed an ogre
  6434 | D:4      | Noticed a spectral ugly thing
  6784 | D:4      | Noticed Grinder
  6840 | D:4      | Slain by Grinder

Illustrated notes

Levels and vault maps discovered:
D:1:      psy_arrival_dodecagon, layout_loops_corners,
          ebering_ecumenical_altar_box, serial_bayou_lagoon_b
D:2:      layout_basic, serial_undead, serial_undead_d, serial_undead_a,
          serial_undead_a, serial_undead_a, minmay_between
D:3:      layout_loops_corners, gammafunk_ghost_smash, minmay_strange_pillars,
          grunt_decor_one_mirror
D:4:      layout_loops_corners, regret_index_temple_of_mockery,
          general_overflow_altar, uniq_grinder

Skill      XL: |  1  2  3  4  5 |
---------------+----------------+-----
Short Blades   | 1 2 |  2.1
Stealth        | 3 |  3.8
Dodging        | 3 |  3.6
Fighting       | 1 |  1.5
Summonings     | 5 |  5.1
Spellcasting   | 4 |  4.0

Action                   |  1- 3 |  4- 6 || total
-------------------------+-------+-------++-------
Melee: Unarmed           |    11 |       ||    11
       Dagger            |     4 |    70 ||    74
 Cast: Summon Small Mamm |   123 |     4 ||   127
       Call Imp          |       |    85 ||    85
 Stab: Sleeping          |     1 |     5 ||     6
       Distracted        |       |     3 ||     3
Armor: Robe              |     9 |    10 ||    19
Dodge: Dodged            |    38 |    69 ||   107

Table legend: (Time is in decaauts)
 A = Elapsed time spent in this place.
 B = Non-inter-level travel time spent in this place.
 C = Inter-level travel time spent in this place.
 D = Time resting spent in this place.
 E = Time spent auto-exploring this place.
 F = Levels seen in this place.
 G = Mean time per level.
                   A        B        C        D        E       F      G
               +--------+--------+--------+--------+--------+-----+--------+
         Total |   6865 |   6681 |    184 |    539 |   5126 |   4 | 1716.2 |
       Dungeon |   6865 |   6681 |    184 |    539 |   5126 |   4 | 1716.2 |
               +--------+--------+--------+--------+--------+-----+--------+

Top non-repeatable levels by time:
     D:2: 2215 daAuts
     D:3: 1942 daAuts
     D:4: 1495 daAuts
     D:1: 1212 daAuts
